BSA
NIAGARA FALLS FRENZY @ MAUI TROPICS
07/23/2026
 
TOP OF THE 1ST
Niagara Falls Frenzy batting - Pitching for Maui Tropics : RHP Júlio González
Pitching: RHP Júlio González
Batting: RHB Hidetada Kichida 0-0: Ball
1-0: Ball
2-0: Swinging Strike
2-1: Fly out, F9 (Flyball, 89S)
Batting: RHB Zander Tremblett 0-0: Ball
1-0: Ball
2-0: Foul Ball, location: 2F
2-1: Ball
3-1: Base on Balls
Batting: LHB Clyde Yarbrough 0-0: Ball
1-0: Ball
2-0: Ball
3-0: Called Strike
3-1: Called Strike
3-2: Foul Ball, location: 2F
3-2: Base on Balls
Zander Tremblett to second
Batting: LHB Dante Owens 0-0: Swinging Strike
0-1: Ball
1-1: Fly out, F5 (Popup, 25)
Batting: LHB Bill Hall 0-0: Called Strike
0-1: Ball
1-1: SINGLE (Groundball, 4MD) (infield hit)
Zander Tremblett to third
Clyde Yarbrough to second
Batting: RHB Keitaro Suzuki 0-0: Fly out, F7 (Line Drive, 78D)
Top of the 1st over - 0 run(s), 1 hit(s), 0 error(s), 3 left on base; Niagara Falls 0 - Maui 0
BOTTOM OF THE 1ST
Maui Tropics batting - Pitching for Niagara Falls Frenzy : RHP Mark Head
Pitching: RHP Mark Head
Batting: RHB Jeff Packard 0-0: Ball
1-0: Fly out, F7 (Flyball, 7M)
Batting: RHB Eugene Gill 0-0: Called Strike
0-1: Called Strike
0-2: Strikes out swinging
Batting: RHB José Herrera 0-0: Called Strike
0-1: Swinging Strike
0-2: Foul Ball, location: 2F
0-2: Ball
1-2: Fly out, F7 (Flyball, 7S)
Bottom of the 1st over - 0 run(s), 0 hit(s), 0 error(s), 0 left on base; Niagara Falls 0 - Maui 0
TOP OF THE 2ND
Niagara Falls Frenzy batting - Pitching for Maui Tropics : RHP Júlio González
Batting: RHB Ángel Hinojosa 0-0: Foul Ball, location: 2F
0-1: Ground out 5-3 (Groundball, 5)
Batting: RHB Jung-ha Kim 0-0: Ball
1-0: Swinging Strike
1-1: DOUBLE (Line Drive, 78M)
Batting: RHB Gerald Burnett 0-0: SINGLE (Line Drive, 78S)
Jung-ha Kim to third
Batting: RHB Hidetada Kichida 0-0: Ball
1-0: SINGLE (Groundball, 5L)
Jung-ha Kim scores
Gerald Burnett to second
Batting: RHB Zander Tremblett 0-0: Swinging Strike
0-1: Ball
1-1: Ball
2-1: Fly out, F9 (Flyball, 9D)
Runner from 2nd tags up, SAFE at 3rd, no throw
Batting: LHB Clyde Yarbrough 0-0: Ball
1-0: Ball
2-0: Fielders Choice at 2nd, U6 (Groundball, 6M)
Top of the 2nd over - 1 run(s), 3 hit(s), 0 error(s), 2 left on base; Niagara Falls 1 - Maui 0
BOTTOM OF THE 2ND
Maui Tropics batting - Pitching for Niagara Falls Frenzy : RHP Mark Head
Batting: LHB Luis Antonio Torres 0-0: Foul Ball, location: 2F
0-1: Called Strike
0-2: Fly out, F2 (Popup, 2RF)
Batting: LHB Anacleto Morillo 0-0: Ball
1-0: Foul Ball, location: 2F
1-1: Swinging Strike
1-2: Foul Ball, location: 2F
1-2: Ball
2-2: SINGLE (Popup, 4MD)
Batting: RHB José Rodríguez 0-0: Ball
1-0: Fly out, F8 (Flyball, 8RM)
Batting: RHB Michael Woodruff 0-0: Foul Ball, location: 2F
0-1: Fielders Choice at 2nd, 5-4 (Groundball, 5)
Bottom of the 2nd over - 0 run(s), 1 hit(s), 0 error(s), 0 left on base; Niagara Falls 1 - Maui 0
TOP OF THE 3RD
Niagara Falls Frenzy batting - Pitching for Maui Tropics : RHP Júlio González
Batting: LHB Dante Owens 0-0: Called Strike
0-1: Ball
1-1: Ground out U3 (Groundball, 3L)
Batting: LHB Bill Hall 0-0: Called Strike
0-1: Swinging Strike
0-2: Ball
1-2: SINGLE (Line Drive, 4MD)
Batting: RHB Keitaro Suzuki 0-0: Ball
1-0: Ball
2-0: Ball
3-0: Base on Balls
Bill Hall to second
Batting: RHB Ángel Hinojosa 0-0: Grounds into double play, 6-4-3 (Groundball, 6M)
Top of the 3rd over - 0 run(s), 1 hit(s), 0 error(s), 1 left on base; Niagara Falls 1 - Maui 0
BOTTOM OF THE 3RD
Maui Tropics batting - Pitching for Niagara Falls Frenzy : RHP Mark Head
Batting: RHB Matt Silver 0-0: Fly out, F7 (Popup, 78S)
Batting: LHB Javier Espinoza 0-0: Ball
1-0: Called Strike
1-1: Foul Ball, location: 2F
1-2: Ball
2-2: SINGLE (Groundball, 4MD)
Batting: RHB Jeff Packard 0-0: Called Strike
0-1: Fly out, F7 (Flyball, 7LM)
Batting: RHB Eugene Gill 0-0: Fly out, F7 (Line Drive, 7S)
Bottom of the 3rd over - 0 run(s), 1 hit(s), 0 error(s), 1 left on base; Niagara Falls 1 - Maui 0
TOP OF THE 4TH
Niagara Falls Frenzy batting - Pitching for Maui Tropics : RHP Júlio González
Batting: RHB Jung-ha Kim 0-0: Foul Ball, location: 2F
0-1: Ball
1-1: Ball
2-1: Ball
3-1: Swinging Strike
3-2: Foul Ball, location: 2F
3-2: Foul Ball, location: 2F
3-2: SINGLE (Line Drive, 8LS)
Batting: RHB Gerald Burnett 0-0: Swinging Strike
0-1: Ball
1-1: Swinging Strike
1-2: Strikes out looking
Batting: RHB Hidetada Kichida 0-0: Ball
1-0: Called Strike
1-1: Ball
2-1: Fly out, F8 (Flyball, 8RS)
Batting: RHB Zander Tremblett 0-0: Ball
1-0: Ball
2-0: Fly out, F9 (Flyball, 9LDF)
Top of the 4th over - 0 run(s), 1 hit(s), 0 error(s), 1 left on base; Niagara Falls 1 - Maui 0
BOTTOM OF THE 4TH
Maui Tropics batting - Pitching for Niagara Falls Frenzy : RHP Mark Head
Batting: RHB José Herrera 0-0: Ball
1-0: Called Strike
1-1: Ground out 1-3 (Groundball, 15)
Batting: LHB Luis Antonio Torres 0-0: Ball
1-0: Called Strike
1-1: Swinging Strike
1-2: Fly out, F7 (Flyball, 7LM)
Batting: LHB Anacleto Morillo 0-0: Ball
1-0: Swinging Strike
1-1: Foul Ball, location: 2F
1-2: Ball
2-2: Fly out, F8 (Flyball, 8LS)
Bottom of the 4th over - 0 run(s), 0 hit(s), 0 error(s), 0 left on base; Niagara Falls 1 - Maui 0
TOP OF THE 5TH
Niagara Falls Frenzy batting - Pitching for Maui Tropics : RHP Júlio González
Batting: LHB Clyde Yarbrough 0-0: Ball
1-0: Foul Ball, location: 2F
1-1: Foul Ball, location: 2F
1-2: Ground out 4-3 (Groundball, 4)
Batting: LHB Dante Owens 0-0: Ball
1-0: Called Strike
1-1: Fly out, F7 (Flyball, 7D)
Batting: LHB Bill Hall 0-0: Ball
1-0: Foul Ball, location: 2F
1-1: Ball
2-1: Ball
3-1: Base on Balls
Batting: RHB Keitaro Suzuki 0-0: Swinging Strike
0-1: Ground out 4-3 (Groundball, 4)
Top of the 5th over - 0 run(s), 0 hit(s), 0 error(s), 1 left on base; Niagara Falls 1 - Maui 0
BOTTOM OF THE 5TH
Maui Tropics batting - Pitching for Niagara Falls Frenzy : RHP Mark Head
Batting: RHB José Rodríguez 0-0: Ball
1-0: Ball
2-0: Ground out 2-3 (Groundball, 2R)
Batting: RHB Michael Woodruff 0-0: Ball
1-0: Foul Ball, location: 2F
1-1: Ground out 4-3 (Groundball, 4)
Batting: RHB Matt Silver 0-0: Foul Ball, location: 2F
0-1: Foul Ball, location: 2F
0-2: Ball
1-2: Foul Ball, location: 2F
1-2: SOLO HOME RUN (Flyball, 89XD), Distance : 386 ft
Batting: LHB Javier Espinoza 0-0: Foul Ball, location: 2F
0-1: SINGLE (Groundball, 4M)
Batting: RHB Jeff Packard 0-0: Ball
1-0: Ball
2-0: DOUBLE (Flyball, 89D)
Javier Espinoza to third
Batting: RHB Eugene Gill 0-0: Called Strike
0-1: DOUBLE (Line Drive, 9LS)
Javier Espinoza scores
Jeff Packard scores
Batting: RHB José Herrera 0-0: Called Strike
0-1: Called Strike
0-2: Ball
1-2: Fly out, F8 (Line Drive, 8LD)
Bottom of the 5th over - 3 run(s), 4 hit(s), 0 error(s), 1 left on base; Niagara Falls 1 - Maui 3
TOP OF THE 6TH
Niagara Falls Frenzy batting - Pitching for Maui Tropics : RHP Júlio González
Batting: RHB Ángel Hinojosa 0-0: Ball
1-0: Called Strike
1-1: Ball
2-1: Ball
3-1: Swinging Strike
3-2: Strikes out swinging
Batting: RHB Jung-ha Kim 0-0: Called Strike
0-1: Ground out 6-3 (Groundball, 6M)
Batting: RHB Gerald Burnett 0-0: Ball
1-0: Ball
2-0: Called Strike
2-1: Foul Ball, location: 2F
2-2: Strikes out looking
Top of the 6th over - 0 run(s), 0 hit(s), 0 error(s), 0 left on base; Niagara Falls 1 - Maui 3
BOTTOM OF THE 6TH
Maui Tropics batting - Pitching for Niagara Falls Frenzy : RHP Mark Head
Batting: LHB Luis Antonio Torres 0-0: Ground out 6-3 (Groundball, 6M)
Batting: LHB Anacleto Morillo 0-0: Foul Ball, location: 2F
0-1: Ball
1-1: Foul Ball, location: 2F
1-2: Ground out 4-3 (Groundball, 4)
Batting: RHB José Rodríguez 0-0: Foul Ball, location: 2F
0-1: Ground out 1-3 (Groundball, 15)
Bottom of the 6th over - 0 run(s), 0 hit(s), 0 error(s), 0 left on base; Niagara Falls 1 - Maui 3
TOP OF THE 7TH
Niagara Falls Frenzy batting - Pitching for Maui Tropics : RHP Júlio González
Pitching: RHP Dave Riley
Batting: RHB Hidetada Kichida 0-0: Ball
1-0: Foul Ball, location: 2F
1-1: Foul Ball, location: 2F
1-2: Ball
2-2: Ground out 6-3 (Groundball, 6)
Batting: RHB Zander Tremblett 0-0: Ground out 5-3 (Groundball, 5)
Batting: LHB Clyde Yarbrough 0-0: SINGLE (Line Drive, 9LM)
Batting: LHB Dante Owens 0-0: Foul Ball, location: 2F
0-1: Swinging Strike
0-2: Ground out U3 (Groundball, 3L)
Top of the 7th over - 0 run(s), 1 hit(s), 0 error(s), 1 left on base; Niagara Falls 1 - Maui 3
BOTTOM OF THE 7TH
Maui Tropics batting - Pitching for Niagara Falls Frenzy : RHP Mark Head
Batting: RHB Michael Woodruff 0-0: Ground out 4-3 (Groundball, 4M)
Batting: RHB Matt Silver 0-0: Called Strike
0-1: Ball
1-1: Called Strike
1-2: Ball
2-2: Ground out 1-3 (Groundball, 15)
Batting: LHB Javier Espinoza 0-0: Ground out 5-3 (Groundball, 56)
Bottom of the 7th over - 0 run(s), 0 hit(s), 0 error(s), 0 left on base; Niagara Falls 1 - Maui 3
TOP OF THE 8TH
Niagara Falls Frenzy batting - Pitching for Maui Tropics : RHP Dave Riley
Batting: LHB Bill Hall 0-0: Called Strike
0-1: Swinging Strike
0-2: Ball
1-2: Ball
2-2: Foul Ball, location: 2F
2-2: Ball
3-2: Fly out, F9 (Flyball, 9LS)
Batting: RHB Keitaro Suzuki 0-0: Ball
1-0: Called Strike
1-1: Foul Ball, location: 2F
1-2: Foul Ball, location: 2F
1-2: Foul Ball, location: 2F
1-2: Ball
2-2: Ball
3-2: Base on Balls
Batting: RHB Ángel Hinojosa 0-0: Fly out, F6 (Line Drive, 6D)
Batting: RHB Jung-ha Kim 0-0: Ball
1-0: Foul Ball, location: 2F
1-1: Called Strike
1-2: Ball
2-2: Ball
3-2: DOUBLE (Line Drive, 7LS)
Keitaro Suzuki to third
Keitaro Suzuki scores
Batting: RHB Gerald Burnett 0-0: Ball
1-0: Ground out 2-3 (Groundball, 23)
Top of the 8th over - 1 run(s), 1 hit(s), 0 error(s), 1 left on base; Niagara Falls 2 - Maui 3
BOTTOM OF THE 8TH
Maui Tropics batting - Pitching for Niagara Falls Frenzy : RHP Mark Head
Batting: RHB Jeff Packard 0-0: Ball
1-0: Called Strike
1-1: Foul Ball, location: 2F
1-2: SINGLE (Flyball, 8LS)
Pitching: RHP Kimitada Takai
Batting: RHB Eugene Gill 0-0: Bunted foul
0-1: Bunted foul
0-2: Grounds into double play, 6-4-3 (Groundball, 6)
Batting: RHB José Herrera 0-0: Called Strike
0-1: Foul Ball, location: 2F
0-2: Fly out, F8 (Flyball, 8RM)
Bottom of the 8th over - 0 run(s), 1 hit(s), 0 error(s), 0 left on base; Niagara Falls 2 - Maui 3
TOP OF THE 9TH
Niagara Falls Frenzy batting - Pitching for Maui Tropics : RHP Dave Riley
Pitching: RHP Yong-taek Yi
Now in CF: Mario Olivares
Pinch Hitting: RHB Lawrence Schroeder 0-0: Fly out, F1 (Line Drive, 15)
Batting: RHB Zander Tremblett 0-0: Ball
1-0: Ball
2-0: Ball
3-0: Called Strike
3-1: Base on Balls
Batting: LHB Clyde Yarbrough 0-0: Ball
1-0: Ball
2-0: Called Strike
2-1: SINGLE (Line Drive, 34D)
Zander Tremblett to second
Batting: LHB Dante Owens 0-0: Ball
1-0: Fly out, F9 (Flyball, 9D)
Batting: LHB Bill Hall 0-0: Called Strike
0-1: Foul Ball, location: 2F
0-2: Ball
1-2: Ground out 3-1 (Groundball, 34)
Top of the 9th over - 0 run(s), 1 hit(s), 0 error(s), 2 left on base; Niagara Falls 2 - Maui 3
Monday, December 5th, 2016 - OOTP Baseball 17.12 Build 75